 Dungeon Crawl Stone Soup version 0.30-a0-1075-gcd70e7a56d (webtiles) character file.

Game seed: 15558913364153552077

4580 snarfax the Spry (level 10, -2/76 HPs)
             Began as a Merfolk Summoner on Apr 14, 2023.
             Was an Initiate of Yredelemnul.
             Slain by an orc warrior
             ... wielding a +0 hand axe
              (18 damage)
             ... on level 7 of the Dungeon.
             The game lasted 00:26:55 (7886 turns).

snarfax the Spry (Merfolk Summoner)                 Turns: 7886, Time: 00:26:56

Health: -2/76      AC:  6    Str:  8    XL:     10   Next: 41%
Magic:  19/19      EV: 22    Int: 16    God:    Yredelemnul [......]
Gold:   432        SH:  5    Dex: 18    Spells: 17/21 levels left

rFire   . . .      SeeInvis +    p - +4 short sword "Nushudduwk" {venom, Fragile rC+ SInv}
rCold   + + .      Faith    .    G - +0 buckler {reflect}
rNeg    . . .      Spirit   .    F - +0 steam dragon scales
rPois   .          Reflect  +    (no helmet)
rElec   .          Rampage  .    L - scarf {harm}
rCorr   .          Harm     + .  (no gloves)
Will    .....                    x - +0 pair of boots
Stlth   ++++                     (no amulet)
HPRegen 0.32/turn                e - ring of protection from cold
MPRegen 0.16/turn                (no ring)

@: no status effects
A: (nimble swimmer 2), mertail
a: Renounce Religion, Recall Undead Harvest


You were on level 7 of the Dungeon.
You worshipped Yredelemnul.
Yredelemnul was noncommittal.
You visited 2 branches of the dungeon, and saw 9 of its levels.
You also visited: Sewer.

You collected 432 gold pieces.

Inventory:

Hand Weapons
 i - a +1 long sword
 p - the +4 short sword "Nushudduwk" (weapon) {venom, Fragile rC+ SInv}
   (You found it on level 2 of the Dungeon)

   rC:        It protects you from cold.
   SInv:      It lets you see invisible.
   Fragile:   It will be destroyed if unequipped.
 y - a +0 falchion
 C - a +0 rapier
 E - a +0 falchion of holy wrath
 O - a +0 trident
Missiles
 c - 97 stones (quivered)
 w - 9 poisoned darts
 I - a throwing net
Armour
 a - a +0 robe
 h - a +0 leather armour
 j - a +0 scale mail
 x - a +0 pair of boots (worn)
 F - +0 steam dragon scales (worn)
 G - a +0 buckler of reflection (worn)
 L - a scarf of harm (worn)
 N - a +0 leather armour of fire resistance
Magical Staves
 o - a staff of earth
Jewellery
 e - a ring of protection from cold (left hand)
 l - a ring of poison resistance
 A - a +6 ring of dexterity
Wands
 q - a wand of paralysis (6)
 B - a wand of light (4)
 H - a wand of iceblast (8)
Scrolls
 s - 4 scrolls of enchant armour {unknown}
 u - a scroll of fear
 J - 2 scrolls of teleportation {unknown}
 K - a scroll of poison {unknown}
 M - a scroll of identify
Potions
 b - 2 potions of magic
 d - 7 potions of curing
 f - a potion of degeneration
 g - a potion of cancellation {unknown}
 k - a potion of resistance
 m - a potion of brilliance
 n - 2 potions of attraction {unknown}
 r - a potion of haste {unknown}
 t - 4 potions of mutation
 v - a potion of berserk rage
 z - a potion of ambrosia {unknown}
 D - a potion of invisibility {unknown}


   Skills:
 + Level 5.6 Fighting
 - Level 16.0 Dodging
 * Level 8.3 Stealth
 * Level 3.3 Shields
 - Level 6.0 Spellcasting
 - Level 4.0 Summonings


You had 17 spell levels left.
You knew the following spells:

 Your Spells              Type           Power      Damage    Failure   Level
a - Summon Small Mammal   Summ           68%        N/A       3%          1
b - Call Canine Familiar  Summ           17%        N/A       11%         3

Your spell library contained the following spells:

 Spells                   Type           Power      Damage    Failure   Level
 Call Imp                 Summ           34%        N/A       5%          2
 Summon Guardian Golem    Hex/Summ       11%        N/A       24%         3
 Blink                    Tloc           8%         N/A       26%         2
 Lesser Beckoning         Tloc           8%         N/A       26%         2
 Momentum Strike          Conj/Tloc      8%         3d8       26%         2
 Inner Flame              Hex/Fire       4%         N/A       47%         3
 Summon Lightning Spire   Summ/Air       11%        N/A       61%         4
 Flame Wave               Conj/Fire      4%         2d5       87%         4
 Sticky Flame             Conj/Fire      4%         2d3       87%         4


Dungeon Overview and Level Annotations

Branches:
Dungeon (8/15)             Temple (1/1) D:7            Lair (0/5) D:8
  Sewer (visited)

Altars:
Ashenzari
Cheibriados
Dithmenos
Elyvilon
Fedhas
Hepliaklqana
Kikubaaqudgha
Makhleb
Okawaru
Qazlal
Ru
Sif Muna
Trog
Uskayaw
Vehumet
Wu Jian
Xom
Yredelemnul
Zin
The Shining One

Shops:
D:7 (

Annotations:
D:8 1 runed translucent door


Innate Abilities, Weirdness & Mutations

((You are very nimble when in or above water. (Stealth+, EV+, Speed+++)))
Your lower body shifts to a powerful aquatic tail in water.


Message History

You block the orc's attack. The orc warrior barely misses you.
You hit the orc warrior.
The orc warrior looks as sick as possible!
The orc warrior is moderately wounded.
The orc hits you with a +0 short sword. The orc warrior barely misses you.
You hit the orc warrior but do no damage.
The orc warrior looks as sick as possible!
The orc warrior is moderately wounded.
You block the orc's attack.
The orc warrior hits you with a +0 hand axe.
You barely miss the orc warrior.
The orc warrior is moderately wounded.
The orc completely misses you.
The orc warrior hits you with a +0 hand axe!
An orc priest comes into view.
It is wielding a +0 flail and wearing a +1 ring mail of fire resistance.
The orc priest shouts!
You puncture the orc!
You kill the orc!
The orc priest invokes the aid of Beogh against you.
Beogh smites you!
The orc warrior hits you with a +0 hand axe!
The orc warrior misses you.
You closely miss the orc warrior.
The orc warrior is moderately wounded.
The orc warrior closely misses you.
You closely miss the orc warrior.
The orc warrior is heavily wounded.
The orc warrior hits you with a +0 hand axe!
* * * LOW HITPOINT WARNING * * *
The orc warrior hits you with a +0 hand axe!
* * * LOW HITPOINT WARNING * * *
You climb upwards.
There is a stone staircase leading down here.
You feel better.
The orc warrior hits you with a +0 hand axe!
* * * LOW HITPOINT WARNING * * *
You feel better.
The orc warrior hits you with a +0 hand axe!
You die...
Your body rises from the dead as a mindless zombie.

##############Z#Z..#
#.Z.Z.ZZZZ.....###.#
#Z#########....#.#.#
#.# #....#.#.# #.#
#....#.#.# #Z#
#....#.#.# ##### #.#
#......#.# #..÷# #.#
#..o.....########.§÷#
#.#
#.##@..........##.Z.#
#Z#
#.##.#...##########Z#
#Z# #..........# #Z##
#.# ###....#.#.# ##Z##
#.# #....#...# ##.##.
#.# ##....##### #.....
##.##########.....#
##....
#..ZZZZ...Z.Z.....####
#####
#############.#.#.##.#


You could see an orc warrior (very poisoned).

Vanquished Creatures
  Joseph (D:8)
  Maggie (D:7)
  4 steam dragons
  A warg (D:7)
  A water moccasin (D:8)
  Pargi (Sewer)
  2 sky beasts
  2 ice beasts
  2 black bears
  2 orc warriors
  5 ogres
  A centaur (D:6)
  A phantom (D:6)
  3 scorpions
  3 bullfrogs
  A wight (D:7)
  3 killer bees (D:8)
  2 howler monkeys
  A jelly (D:6)
  An orc priest (D:8)
  A gnoll bouda (D:4)
  2 hounds
  2 iguanas
  2 sleepcaps
  An orc wizard (D:7)
  11 adders
  6 gnolls
  2 ufetubi
  2 worms
  3 dart slugs
  26 orcs
  7 endoplasms
  3 giant cockroaches
  5 hobgoblins
  3 jackals (D:1)
  3 quokkas
  3 ball pythons
  16 bats
  2 frilled lizards
  5 goblins
  6 kobolds
  5 rats
154 creatures vanquished.

Vanquished Creatures (collateral kills)
  Menkaure (D:7)
  Duvessa (D:7)
  A black bear (D:6)
  Dowan (D:7)
  A jelly (D:7)
  An orc priest (D:5)
  A sleepcap (D:4)
  4 adders
  5 orcs
  2 goblins
  2 jackals (D:1)
  A kobold (D:4)
  A ball python (D:2)
  A frilled lizard (D:2)
23 creatures vanquished.

Vanquished Creatures (others)
  A black bear zombie (D:8)
  An ogre zombie (D:7)
  2 orc zombies (D:8)
  3 plants
7 creatures vanquished.

Grand Total: 184 creatures vanquished

Notes
Turn   | Place    | Note
-------+----------+-------------------------------------------
     0 | D:1      | snarfax the Merfolk Summoner began the quest for the Orb.
     0 | D:1      | Reached XP level 1. HP: 13/13 MP: 3/3
   265 | D:1      | Reached skill level 3 in Dodging
   265 | D:1      | Reached XP level 2. HP: 19/19 MP: 1/5
   870 | D:2      | Reached XP level 3. HP: 13/24 MP: 6/6
   971 | D:2      | Learned a level 3 spell: Call Canine Familiar
  1103 | D:2      | Identified the +4 short sword "Nushudduwk" {venom, Fragile
                  | rC+ SInv}
  1350 | D:2      | Reached XP level 4. HP: 30/30 MP: 8/8
  1372 | D:2      | Reached skill level 4 in Dodging
  1999 | D:3      | Reached XP level 5. HP: 29/35 MP: 9/9
  2060 | D:3      | Found a shimmering altar of Xom.
  2273 | D:3      | Found a snail-covered altar of Cheibriados.
  2274 | D:3      | Found a radiant altar of Vehumet.
  2277 | D:3      | Found a hide-covered altar of Uskayaw.
  2433 | D:3      | Found a stormy altar of Qazlal.
  2510 | D:3      | Reached skill level 15 in Dodging
  2510 | D:3      | Reached XP level 6. HP: 41/41 MP: 10/10
  2821 | D:4      | HP: 2/41 [gnoll/+0 spear[a gnoll bouda] (4)]
  2824 | D:4      | Reached skill level 16 in Dodging
  2824 | D:4      | Reached XP level 7. HP: 26/46 MP: 2/12
  3558 | D:5      | Entered Level 5 of the Dungeon
  3581 | D:4      | Reached skill level 5 in Stealth
  3815 | D:5      | Reached skill level 1 in Fighting
  3815 | D:5      | Reached XP level 8. HP: 54/54 MP: 10/14
  4465 | D:6      | Found a glowing drain.
  4469 | Sewer    | Entered a sewer
  4515 | Sewer    | Noticed Pargi
  4537 | Sewer    | Killed Pargi
  4642 | D:6      | Found a bloodstained altar of Trog.
  5195 | D:6      | Reached XP level 9. HP: 60/63 MP: 16/16
  5494 | D:6      | Reached skill level 5 in Spellcasting
  5702 | D:7      | Noticed Maggie
  5716 | D:7      | Killed Maggie
  5811 | D:7      | Found a hazy altar of Hepliaklqana.
  5876 | D:7      | Found a staircase to the Ecumenical Temple.
  5883 | Temple   | Entered the Ecumenical Temple
  5889 | Temple   | Became a worshipper of Yredelemnul the Dark
  6177 | D:7      | Reached * piety under Yredelemnul
  6346 | D:7      | Noticed Duvessa
  6346 | D:7      | Noticed Dowan
  6353 | D:7      | Killed Duvessa
  6354 | D:7      | Reached ** piety under Yredelemnul
  6357 | D:7      | Killed Dowan
  6358 | D:7      | Reached skill level 1 in Shields
  6371 | D:7      | Noticed Menkaure
  6380 | D:7      | Killed Menkaure
  6381 | D:7      | Reached XP level 10. HP: 21/73 MP: 18/18
  6616 | D:7      | Reached skill level 5 in Fighting
  6701 | D:7      | Reached *** piety under Yredelemnul
  6727 | D:7      | Found an ancient bone altar of Kikubaaqudgha.
  6937 | D:7      | Reached **** piety under Yredelemnul
  7010 | D:7      | Found Utatafom's Weapon Boutique.
  7356 | D:8      | Noticed Joseph
  7358 | D:8      | Found a runed translucent door.
  7358 | D:8      | Noticed a sixfirhy
  7381 | D:8      | Killed Joseph
  7717 | D:8      | Found a staircase to the Lair.
  7886 | D:7      | Slain by an orc warrior

Illustrated notes

Levels and vault maps discovered:
D:1:      dpeg_arrival_rhombi, layout_basic, minmay_misc_feat_four_crosses
D:2:      minmay_angry_zag, layout_loops_cross, grunt_ministairs_6,
          kennysheep_cross_room
D:3:      layout_rooms, minitemple, nicolae_qazlal_scattered_showers,
          general_overflow_altar, serial_bayou_lagoon_b
D:4:      layout_cave_pods
D:5:      layout_cave_pools, dk_noncrumbling_2
D:6:      layout_basic, trog_ov_bears_minmay, gup_sewer_entry_spiral,
          minmay_misc_feat_rows, lemuel_flame_loot_1
D:7:      layout_basic, mainiacjoe_overflow_24_doors, marbit_many_paths,
          minmay_temple_entry_statues_pillars, serial_shops, shop,
          grunt_ogre_cave, uniq_maggie, uniq_menkaure, uniq_duvessa
D:8:      cheibrodos_shockbox, layout_basic, erik_lair_orcish_takeover,
          uniq_joseph
Temple:   nicolae_temple_no_exploring_needed

Skill      XL: |  1  2  3  4  5  6  7  8  9 10 |
---------------+-------------------------------+-----
Dodging        | 3 4 15 16 | 16.0
Stealth        | 3 4 5 6 7 8 |  8.3
Spellcasting   | 3 4 5 6 |  6.0
Fighting       | 1 3 4 5 |  5.6
Shields        | 1 3 |  3.3
Summonings     | |  4.0

Action                     |  1- 3 |  4- 6 |  7- 9 | 10-12 || total
---------------------------+-------+-------+-------+-------++-------
  Melee: Long sword        |    56 |       |       |       ||    56
         Club              |     4 |       |       |       ||     4
         Punch             |     1 |     1 |     6 |       ||     8
         Short sword       |     7 |    96 |   268 |    86 ||   457
  Throw: Stone             |       |       |     2 |       ||     2
   Cast: Summon Small Mamm |    10 |     6 |     7 |     2 ||    25
         Call Canine Famil |     2 |     4 |     9 |     4 ||    19
    Use: Potion            |     1 |     2 |     1 |     2 ||     6
         Scroll            |       |    11 |     2 |     1 ||    14
   Stab: Sleeping          |     3 |    13 |    15 |     4 ||    35
         Distracted        |       |     1 |     2 |     1 ||     4
 Armour: Leather armour    |    21 |    14 |    22 |       ||    57
         Steam dragon scal |       |       |     4 |     7 ||    11
  Dodge: Dodged            |    55 |    61 |   286 |   100 ||   502
  Block: Buckler           |       |       |     4 |    21 ||    25
         Reflection        |       |       |       |     1 ||     1

Table legend: (Time is in decaauts)
 A = Elapsed time spent in this place.
 B = Non-inter-level travel time spent in this place.
 C = Inter-level travel time spent in this place.
 D = Time resting spent in this place.
 E = Time spent auto-exploring this place.
 F = Levels seen in this place.
 G = Mean time per level.
                   A        B        C        D        E       F      G
               +--------+--------+--------+--------+--------+-----+--------+
         Total |   7866 |   7558 |    308 |    390 |   5381 |  10 |  786.6 |
       Dungeon |   7734 |   7426 |    308 |    390 |   5377 |   8 |  966.8 |
        Temple |     16 |     16 |      0 |      0 |      0 |   1 |   16.0 |
         Sewer |    115 |    115 |      0 |      0 |      4 |   1 |  115.0 |
               +--------+--------+--------+--------+--------+-----+--------+

Top non-repeatable levels by time:
     D:7: 1597 daAuts
     D:4: 1100 daAuts
     D:6: 1094 daAuts
     D:2: 962 daAuts
     D:5: 874 daAuts
     D:1: 865 daAuts
     D:3: 664 daAuts
     D:8: 575 daAuts
   Sewer: 115 daAuts
  Temple: 16 daAuts
